 Dungeon Crawl Stone Soup version 0.17-a0-1887-g3e50df6 (webtiles) character file.

745133 4thArraOfDagon the Executioner (level 25, -14/229 HPs)
             Began as a Hill Orc Berserker on Sept 23, 2015.
             Was the Champion of Makhleb.
             Killed from afar by a quicksilver dragon (44 damage)
             ... with a bolt of dispelling energy
             ... on level 6 of the Iron City of Dis.
             The game lasted 03:47:07 (23462 turns).

4thArraOfDagon the Executioner (HOBe)              Turns: 23462, Time: 03:47:08

Health: -14/229    AC: 12    Str: 23    XL:     25   Next: 85%
Magic:  31/46      EV:  8    Int: 17    God:    Makhleb [******]
Gold:   485        SH:  0    Dex: 15    Spells: 8 memorised, 20 levels left

rFire  + + +     SeeInvis .     I - +7 battleaxe "Qeuragg" {venom, rElec rN++ Str-2 Dex+3}
rCold  + + +     Clarity  +     j - +9 crystal plate armour {rC+}
rNeg   + + +     SustAt   .     (no shield)
rPois  +         Gourm    .     i - +0 helmet {rF+}
rElec  +         Spirit   .     h - +2 cloak
rCorr  +         Warding  .     b - +0 pair of gloves "Okuceq" {rPois Dex+2}
rMut   .         Stasis   .     T - +0 pair of boots of Dishonour {rCorr Str+2 Dex+2}
MR     +....                    a - amulet of regeneration
Stlth  ..........               W - ring "Meihug" {rF+ rN+ Int+3}
                                J - ring "Weroruh" {rElec rPois rC++ MP+9 Str-4}

@: corroded equipment, regenerating (expiring), somewhat resistant to hostile
enchantments, extremely unstealthy
A: breathe flames 1, clarity, clever 1, clumsy 1, fire resistance 1, poison
resistance, wild magic 1, MP-powered wands
a: Minor Destruction, Lesser Servant of Makhleb, Major Destruction, Greater
Servant of Makhleb, Renounce Religion, Breathe Fire
}: 11/15 runes: serpentine, barnacled, slimy, silver, golden, abyssal, demonic,
glowing, magical, fiery, dark


You were on level 6 of the Iron City of Dis.
You worshipped Makhleb.
Makhleb was exalted by your worship.
You were not hungry.

You visited 13 branches of the dungeon, and saw 62 of its levels.
You visited Pandemonium 3 times, and saw 38 of its levels.
You visited the Abyss 2 times.
You also visited: Ice Cave and Volcano.

You collected 3144 gold pieces.
You spent 2659 gold pieces at shops.

Inventory:

Hand weapons
 E - the +7 battleaxe of Abomination {vamp, Str+4 Dex+4 Stlth+}
   (You found it in Pandemonium)

   It inflicts no extra harm, but heals its wielder somewhat when it strikes a
   living foe.
   It affects your strength (+4).
   It affects your dexterity (+4).
   It makes you more stealthy.
 I - the +7 battleaxe "Qeuragg" (weapon) {venom, rElec rN++ Str-2 Dex+3}
   (You found it on level 4 of the Shoals)

   It poisons the flesh of those it strikes.
   It affects your strength (-2).
   It affects your dexterity (+3).
   It insulates you from electricity.
   It greatly protects you from negative energy.
 Q - a +9 vampiric executioner's axe
Missiles
 O - 5 throwing nets (quivered)
Armour
 b - the +0 pair of gloves "Okuceq" (worn) {rPois Dex+2}
   (You bought it in a shop on level 1 of the Shoals)

   It affects your dexterity (+2).
   It protects you from poison.
 d - a +1 pair of boots of cold resistance
 h - a +2 cloak (worn)
 i - a +0 helmet of fire resistance (worn)
 j - a +9 crystal plate armour of cold resistance (worn)
 m - the +0 helmet of the Salamander {MR+ rCorr}
   (You found it on level 3 of the Tomb of the Ancients)

   It affects your resistance to hostile enchantments.
   It protects you from acid and corrosion.
 T - the +0 pair of boots of Dishonour (worn) {rCorr Str+2 Dex+2}
   (You found it on level 6 of the Pits of Slime)

   It affects your strength (+2).
   It affects your dexterity (+2).
   It protects you from acid and corrosion.
Jewellery
 a - an amulet of regeneration (around neck)
 y - the ring "Deezicim" {+Fly Str+5}
   (You found it on level 6 of the Pits of Slime)

   [ring of strength]

   It affects your strength (+5).
   It lets you fly.
 B - an uncursed ring of teleportation
 C - an uncursed amulet of rage
 G - the ring of Lomaj {rPois rF+ rN+ Int+2 Stlth-}
   (You found it in Pandemonium)

   [ring of protection from fire]

   It affects your intelligence (+2).
   It protects you from fire.
   It protects you from poison.
   It protects you from negative energy.
   It makes you less stealthy.
 J - the ring "Weroruh" (left hand) {rElec rPois rC++ MP+9 Str-4}
   (You found it in Pandemonium)

   [ring of magical power]

   It affects your strength (-4).
   It greatly protects you from cold.
   It insulates you from electricity.
   It protects you from poison.
   It affects your magic capacity (+9).
 P - the amulet of a Thousand Moons {Ward rN+ Str+2 Int+3}
   (You found it on level 3 of the Tomb of the Ancients)

   [amulet of warding]

   It may prevent the melee attacks of summoned creatures.
   It affects your strength (+2).
   It affects your intelligence (+3).
   It protects you from negative energy.
 U - an uncursed ring of protection from cold
 W - the ring "Meihug" (right hand) {rF+ rN+ Int+3}
   (You found it in Pandemonium)

   [ring of intelligence]

   It affects your intelligence (+3).
   It protects you from fire.
   It protects you from negative energy.
 Y - an uncursed amulet of resist mutation
Magical devices
 k - a wand of digging (3)
 l - a wand of teleportation (1)
 S - a wand of disintegration (4)
 V - a wand of digging (6)
 Z - a wand of teleportation (5)
Scrolls
 e - a scroll of summoning
 f - a scroll of fog
 o - 15 scrolls of remove curse
 w - 3 scrolls of fear
 F - 5 scrolls of recharging
 R - a scroll of magic mapping
Potions
 p - 2 potions of might
 r - 4 potions of brilliance
 u - 9 potions of curing
 v - 3 potions of heal wounds
 z - 2 potions of haste
 A - 3 potions of agility
 D - 4 potions of magic
 K - a potion of lignification
 L - 4 potions of flight
 M - 2 potions of resistance
 N - 2 potions of cure mutation
 X - 2 potions of ambrosia
Miscellaneous
 q - a phial of floods
 s - a lamp of fire
 x - a phantom mirror
 H - a fan of gales
Comestibles
 c - 3 bread rations
 n - 22 meat rations


   Skills:
 + Level 19.6 Fighting
 - Level 26.0 Axes
 + Level 23.8 Armour
 - Level 1.5 Dodging
 + Level 10.7 Spellcasting
 - Level 7.7 Charms
 - Level 8.8 Necromancy
 * Level 15.2 Translocations
 - Level 11.0 Evocations


You had 20 spell levels left.
You knew the following spells:

 Your Spells              Type           Power        Failure   Level  Hunger
a - Apportation           Tloc           ######....   1%          1    None
b - Passage of Golubria   Tloc           N/A          5%          4    ###....
c - Controlled Blink      Tloc           N/A          99%         7    #######
d - Blink                 Tloc           N/A          2%          2    None
e - Repel Missiles        Chrm/Air       ####..       45%         2    None
f - Regeneration          Chrm/Necr      ######....   19%         3    None
g - Animate Skeleton      Necr           N/A          7%          1    None
h - Phase Shift           Tloc           ######....   16%         5    #####..


Dungeon Overview and Level Annotations

Branches:
Dungeon (15/15)            Temple (1/1) D:6            Lair (8/8) D:9
 Shoals (4/4) Lair:6        Snake (4/4) Lair:5        Slime (6/6) Lair:7
    Orc (4/4) D:9          Vaults (5/5) D:13          Crypt (3/3) Vaults:3
   Tomb (3/3) Crypt:3      Depths (3/5) D:15           Hell (1/1)
    Dis (6/7) Hell
    Elf: Orc:3-4        Geh: Hell:1         Coc: Hell:1         Tar: Hell:1

Altars:
Ashenzari
Cheibriados
Dithmenos
Elyvilon
Gozag
Kikubaaqudgha
Makhleb
Nemelex Xobeh
Okawaru
Qazlal
Ru
Sif Muna
Trog
Vehumet
Xom
Yredelemnul
Zin
The Shining One
Beogh
Jiyva

Shops:
D:15 [   Orc:1 ?   Orc:4 :::[   Shoals:1 *   Snake:3 =   Vaults:4 [%[%
Depths:3 (

Portals:
Hell: Depths:2
Pandemonium: Depths:3

Annotations:
D:7 4thArraOfDagon's ghost, experienced OgGl
Lair:8 exclusion: upstairs
Vaults:4 Sojobo
Tomb:1 Jory
Tomb:3 Khufu


Innate Abilities, Weirdness & Mutations

You can breathe flames.
You possess an exceptional clarity of mind.
Your mind is acute. (Int +2)
You are clumsy. (Dex -2)
Your flesh is heat resistant.
Your system is resistant to poisons.
Your spells are a little harder to cast, but a little more powerful.
You expend magic power (3 MP) to strengthen your wands.


Message History

The tormentor calls on the powers of darkness!
The iron troll convulses!
Your body is wracked with pain!
* * * LOW HITPOINT WARNING * * *
The reaper hits you from afar with a scythe of venom.
* * * LOW HITPOINT WARNING * * *
Unknown command.
Unknown command.
Unknown command.
Unknown command.
Drink which item? (? for menu, Esc to quit)
Okay, then.
Drink which item? (? for menu, Esc to quit)
Okay, then.
Drink which item? (? for menu, Esc to quit)
You feel much better.
The quicksilver dragon breathes dispelling energy at you.
The bolt of dispelling energy hits you!
Your magical effects are unravelling.
Your magical contamination has completely faded away.
You die...

#..#..# ..# #..#..#
...8.....8...## #..#..#
.............8# #..#..#
....5........## #..#..#
..8...8.D58..8# #..#..#
.............## #..#..#
.........2...8# #..#..#
...8..^..8...## #..#..#
......8@.....8# #..#..#
.............## #..#..#
#8#8#...#8#8##
#..#''#######'''### # #
.#..#..#8#8#8#..2#8#8#8#
#
.#..#.....†.....Z.......
#
.#..#....††...Z2.T......
#
.#..#8#8#8#8##..§##8#8#
# .#++############## #


You could see 2 iron golems, a quicksilver dragon, an iron troll, 2 reapers, a
tormentor, 2 iron imps, an iron dragon zombie and a stone giant zombie.

Vanquished Creatures
  the royal jelly (Slime:6)
  4 ancient liches
  4 pandemonium lords (Pan)
  4 greater mummies
  A golden dragon (Vaults:5)
  2 bone dragons
  5 tentacled monstrosities
  12 liches
  2 Brimstone Fiends (Pan)
  9 titans (Vaults:5)
  A quicksilver dragon (Dis:6)
  3 Shadow Fiends (Pan)
  11 acid blobs
  Murray (Depths:2)
  6 sphinxes
  2 warmongers (Pan)
  13 Executioners (Pan)
  3 tengu reavers (Vaults:5)
  6 shadow dragons
  Kirke (Shoals:4)
  3 storm dragons (Vaults:5)
  A revenant (Tomb:1)
  4 azure jellies
  3 fire giants (Vaults:5)
  A blood saint (Pan)
  3 deep elf sorcerers (Vaults:5)
  2 daevas (Pan)
  An iron dragon (Depths:3)
  7 greater nagas
  17 vault wardens
  5 cacodemons (Pan)
  5 frost giants
  3 curse skulls
  9 balrugs (Pan)
  A juggernaut zombie (Depths:3)
  A ghoul (Crypt:3)
  2 spriggan defenders
  20 large abominations
  4 vampire knights
  15 ironheart preservers
  10 war gargoyles
  4 very ugly things
  A reaper (Depths:2)
  14 stone giants
  3 deep elf demonologists
  5 deep elf annihilators
  A chaos champion (Pan)
  2 bennus (Tomb:2)
  A salamander firebrand (Hell)
  5 green deaths (Pan)
  5 crystal guardians
  2 black suns (Pan)
  3 deep elf death magi (Vaults:5)
  A merfolk javelineer (Shoals:4)
  6 merfolk impalers (Shoals:4)
  4 death oozes (Slime:6)
  A blizzard demon (Pan)
  4 fire dragons
  33 vault guards
  7 mummy priests
  12 yaktaur captains
  A jiangshi (Crypt:2)
  2 great orbs of eyes
  9 ogre magi
  7 ettins
  A deep elf high priest (Vaults:5)
  2 entropy weavers (Depths:3)
  3 spriggan air magi (Depths:3)
  11 naga warriors
  2 hydras
  4 ice dragons
  3 monstrous demonspawn (Pan)
  3 hell beasts (Pan)
  A merfolk avatar (Shoals:1)
  5 centaur warriors
  5 dancing weapons
  4 merfolk aquamancers
  4 anacondas
  2 tengu warriors
  A titan zombie (Crypt:3)
  A deep troll shaman (Depths:2)
  5 shock serpents
  A hell hog (Abyss:2)
  10 naga sharpshooters
  Urug (Orc:2)
  19 sun demons (Pan)
  18 hell knights
  Nergalle (D:11)
  3 orc high priests (Orc:4)
  2 titan skeletons
  9 iron trolls
  3 shadow wraiths (Pan)
  2 salamander mystics
  8 sea snakes
  15 skeletal warriors
  4 ice devils
  2 spatial maelstroms (Abyss:5)
  A flayed ghost (Dis:1)
  A storm dragon skeleton (Depths:3)
  2 infernal demonspawn (Pan)
  47 death scarabs
  9 starcursed masses (Abyss:5)
  3 deep trolls
  A golden dragon zombie (Dis:5)
  2 phantasmal warriors (Crypt:1)
  2 shadow demons (Pan)
  4 naga ritualists (Snake:4)
  2 gelid demonspawn (Pan)
  8 hill giants
  3 ice statues
  A deep troll (shapeshifter) (D:15)
  A giant orange brain (D:15)
  8 orc knights
  A wizard (D:13)
  4 putrid demonspawn (Pan)
  4 torturous demonspawn (Pan)
  3 orc sorcerers
  7 anubis guards (Tomb:2)
  15 necromancers
  2 mana vipers
  A statue (Volcano)
  5 harpies (Shoals:1)
  A human zombie (Vaults:5)
  A stone giant zombie (Tomb:1)
  32 ugly things
  3 cyclopes
  9 griffons
  8 ironbrand convokers
  A shining eye (shapeshifter) (Depths:2)
  2 deep elf conjurers
  An iron dragon skeleton (Hell)
  3 wolf spiders
  A sphinx skeleton (Crypt:1)
  5 water nymphs
  A guardian serpent (shapeshifter) (Vaults:3)
  A fire giant skeleton (Pan)
  8 salamanders
  2 guardian serpents (Snake:3)
  A frost giant skeleton (Crypt:3)
  5 fauns
  Maurice (D:10)
  16 black mambas
  7 manticores
  3 worldbinders (Abyss:5)
  8 shining eyes
  3 sirens
  A spriggan zombie (Depths:3)
  20 naga magi
  2 eyes of devastation
  18 sixfirhies
  A centaur zombie (D:13)
  6 vault sentinels
  8 orange demons (Pan)
  35 yaktaurs
  A spiny frog (shapeshifter) (D:15)
  A gargoyle (D:13)
  4 spiny frogs
  A dire elephant skeleton (Pan)
  8 hellions (Pan)
  5 demonic crawlers (Pan)
  A green draconian zombie (Crypt:1)
  18 smoke demons
  A sea snake zombie (Crypt:1)
  2 fire drakes (Lair:6)
  28 rust devils
  3 ancient zymes (Abyss:5)
  4 komodo dragons
  4 efreet
  14 hellwings (Pan)
  2 deep elf priests
  6 red devils
  30 guardian mummies
  2 tormentors (Pan)
  A jumping spider (Vaults:2)
  2 trolls
  10 blink frogs
  2 freezing wraiths
  26 merfolk
  A tengu conjurer (D:13)
  11 blue devils
  8 polar bears
  A harpy skeleton (Dis:1)
  A golden dragon simulacrum (Depths:3)
  2 spriggan druids (Lair:8)
  A queen bee (shapeshifter) (Vaults:5)
  65 slime creatures
  Prince Ribbit (D:9)
  A shadow dragon simulacrum (Crypt:1)
  3 wind drakes
  A boulder beetle (Vaults:3)
  A hydra skeleton (Pan)
  2 ettin zombies (Hell)
  6 snapping turtles
  10 two-headed ogres
  An alligator zombie (Tomb:1)
  An ice dragon zombie (Hell)
  22 flying skulls
  A deep elf mage (Vaults:1)
  An ettin skeleton (Pan)
  2 air elementals (Depths:3)
  13 redbacks
  A black mamba zombie (Dis:6)
  A wraith (D:13)
  2 vampires
  10 spriggans
  5 water elementals
  6 chaos spawn
  13 ynoxinuls
  8 golden eyes
  3 deep elf fighters
  2 tarantellas (shapeshifter)
  A fire bat (Volcano)
  5 hogs (Shoals:4)
  4 basilisks
  A tarantella (Vaults:2)
  3 hippogriffs
  19 vampire mosquitoes
  A wyvern (D:10)
  2 fire elementals
  25 wolves
  2 hungry ghosts
  A golden eye (shapeshifter) (Depths:3)
  28 nagas
  2 wargs (Vaults:1)
  A mottled dragon (D:6)
  A yaktaur simulacrum (Vaults:3)
  12 neqoxecs (Pan)
  5 yaks
  4 porcupines
  A spatial vortex (Abyss:5)
  A soldier ant (D:10)
  8 water moccasins
  9 black bears
  2 ice beasts
  5 hell hounds (Dis:6)
  2 phantoms
  A water moccasin (shapeshifter) (Vaults:5)
  A sky beast (D:12)
  A black bear (shapeshifter) (Vaults:1)
  19 orc warriors
  2 necrophages
  An eye of draining (shapeshifter) (D:15)
  2 eyes of draining
  2 snapping turtle skeletons
  35 ogres
  A swamp dragon skeleton (Tomb:3)
  5 wasps
  7 crocodiles
  5 centaurs
  An earth elemental (Volcano)
  9 giant frogs
  A big kobold (D:10)
  A glowing shapeshifter simulacrum (Depths:3)
  A wyvern skeleton (D:7)
  A scorpion (D:10)
  6 wights
  5 killer bees (D:10)
  6 lava snakes (Volcano)
  An electric eel (Lair:7)
  4 crimson imps
  2 giant frog zombies
  12 iron imps
  19 jellies
  A giant frog skeleton (D:10)
  2 hounds
  10 worker ants
  26 orc priests
  20 orc wizards
  22 sheep
  A hound zombie (D:6)
  A hound skeleton (D:5)
  15 mummies
  A worker ant zombie (D:7)
  6 gnolls
  16 river rats
  A scorpion zombie (Crypt:1)
  8 adders
  A shadow imp (D:5)
  7 white imps (IceCv)
  6 ufetubi (IceCv)
  2 adder skeletons
  3 giant geckos
  115 orcs
  3 bats
  A bat skeleton (Crypt:1)
  5 hobgoblins
  4 jackals (D:1)
  6 kobolds
  A giant gecko skeleton (D:5)
  A giant newt (D:3)
  2 goblins
  2 quokkas
  2 rats (D:3)
  A fungus (Lair:5)
  6 plants
1824 creatures vanquished.

Vanquished Creatures (collateral kills)
  A titan (Vaults:5)
  4 acid blobs (Slime:6)
  An azure jelly (Slime:6)
  Ilsuiw (Shoals:4)
  Nessos (Orc:4)
  2 merfolk javelineers (Shoals:4)
  A merfolk impaler (Shoals:4)
  A hydra (Lair:5)
  An alligator snapping turtle (Shoals:4)
  A merfolk aquamancer (Shoals:4)
  An orc high priest (Orc:4)
  A slime creature (Slime:6)
  2 sea snakes (Shoals:4)
  An orc sorcerer (Orc:4)
  A hog (Shoals:4)
  A naga (Lair:5)
  An orc warrior (Orc:4)
  6 orc wizards (Orc:4)
  A jelly (Slime:6)
29 creatures vanquished.

Vanquished Creatures (others)
  Geryon (Hell)
  An eldritch tentacle (Vaults:5)
  A tengu reaver (Vaults:5)
  An iron dragon (Vaults:5)
  A balrug (Pan)
  A draconian annihilator (Pan)
  A blizzard demon (Pan)
  3 green deaths (Pan)
  A rakshasa (Pan)
  2 spriggan air magi (Pan)
  A shadow wraith (Vaults:5)
  2 ball lightnings (Pan)
  A giant orange brain (Pan)
  A guardian mummy (Tomb:3)
  A blue devil (Hell)
  A polar bear (Tomb:1)
  A human (Shoals:4)
  An ice dragon skeleton (Tomb:3)
  An orc warrior (Vaults:5)
  An ice dragon simulacrum (Hell)
  2 ogres
  A white imp (IceCv)
  3 ufetubi (IceCv)
  84 eldritch tentacle segments (Vaults:5)
  A fire vortex (Volcano)
  A fulminant prism (Pan)
  5 fungi
  4 lost souls
  6 plants
  2 starspawn tentacles (Abyss:1)
133 creatures vanquished.

Grand Total: 1986 creatures vanquished

Notes
Turn   | Place    | Note
--------------------------------------------------------------
     0 | D:1      | 4thArraOfDagon the Hill Orc Berserker began the quest for the Orb.
     0 | D:1      | Reached XP level 1. HP: 19/19 MP: 1/1
    25 | D:1      | Reached XP level 2. HP: 26/26 MP: 2/2
   179 | D:3      | Reached skill level 5 in Axes
   179 | D:3      | Reached XP level 3. HP: 29/33 MP: 3/3
   241 | D:3      | HP: 1/49 [gnoll (4)]
   296 | D:3      | Acquired Trog's second power
   373 | D:3      | Reached XP level 4. HP: 37/40 MP: 4/4
   436 | D:3      | Reached skill level 6 in Axes
   527 | D:4      | Found a glowing golden altar of the Shining One.
   529 | D:4      | Noticed an angel
   556 | D:4      | Reached XP level 5. HP: 42/46 MP: 5/5
   604 | D:4      | Found a basalt altar of Yredelemnul.
   606 | D:4      | Noticed a profane servitor
   734 | D:5      | Entered Level 5 of the Dungeon
   826 | D:5      | Reached skill level 7 in Axes
   837 | D:5      | Reached XP level 6. HP: 46/55 MP: 6/6
   946 | D:5      | Noticed a centaur
   969 | D:5      | Killed a centaur
   969 | D:5      | Reached skill level 5 in Fighting
  1113 | D:7      | Reached skill level 8 in Axes
  1113 | D:7      | Reached XP level 7. HP: 61/61 MP: 7/7
  1135 | D:7      | Got a jewelled chain mail
  1138 | D:7      | Noticed a hippogriff
  1141 | D:7      | Killed a hippogriff
  1157 | D:7      | Identified the +5 chain mail "Qiuc" {*Corrode rC+ MP+9} (You found it on level 7 of the Dungeon)
  1157 | D:7      | :(
  1158 | D:7      | why its always bad
  1219 | D:7      | Noticed 4thArraOfDagon's ghost (experienced OgGl)
  1271 | D:7      | Found a shadowy altar of Dithmenos.
  1350 | D:8      | Reached skill level 9 in Axes
  1360 | D:8      | Reached skill level 5 in Armour
  1360 | D:8      | Reached XP level 8. HP: 71/71 MP: 8/8
  1475 | D:6      | Noticed a centaur warrior
  1475 | D:6      | Noticed a mottled dragon
  1490 | D:6      | Killed a mottled dragon
  1490 | D:6      | Reached skill level 10 in Axes
  1495 | D:6      | Killed a centaur warrior
  1495 | D:6      | Reached skill level 11 in Axes
  1495 | D:6      | Reached XP level 9. HP: 81/81 MP: 9/9
  1736 | D:8      | Found an iron altar of Okawaru.
  1809 | D:9      | Reached skill level 12 in Axes
  1842 | D:10     | Entered Level 10 of the Dungeon
  2118 | D:10     | Reached skill level 13 in Axes
  2201 | D:10     | Reached XP level 10. HP: 91/91 MP: 10/10
  2272 | D:10     | Noticed a hill giant
  2293 | D:10     | Killed a hill giant
  2329 | D:10     | Acquired Trog's third power
  2394 | D:11     | lol
  2489 | D:12     | Reached skill level 14 in Axes
  2532 | D:11     | Noticed Nergalle
  2544 | D:11     | Killed Nergalle
  2544 | D:11     | Reached skill level 10 in Fighting
  2627 | D:12     | Found a frozen archway.
  2627 | D:12     | Noticed an ice statue
  2675 | D:12     | Gained mutation: Your spells are a little harder to cast, but a little more powerful. [mutagenic meat]
  2676 | D:12     | Gained mutation: Your flesh is heat resistant. [mutagenic meat]
  2677 | D:12     | Gained mutation: You are clumsy. (Dex -2) [mutagenic meat]
  2678 | D:12     | Gained mutation: Your mind is acute. (Int +2) [mutagenic meat]
  2679 | D:12     | Gained mutation: You can breathe flames. [mutagenic meat]
  2716 | D:12     | Killed an ice statue
  2716 | D:12     | Reached XP level 11. HP: 101/101 MP: 11/11
  2742 | IceCv    | Entered an ice cave
  2780 | IceCv    | Noticed an ice statue
  2780 | IceCv    | Noticed an ice statue
  2789 | IceCv    | Killed an ice statue
  2789 | IceCv    | Reached skill level 15 in Axes
  2840 | IceCv    | Killed an ice statue
  3075 | IceCv    | Noticed an ice devil
  3091 | IceCv    | Killed an ice devil
  3224 | D:13     | Noticed an orc knight
  3252 | D:15     | Entered Level 15 of the Dungeon
  3252 | D:15     | Noticed a hill giant
  3262 | D:15     | Killed a hill giant
  3262 | D:15     | Reached skill level 16 in Axes
  3262 | D:15     | Reached skill level 10 in Armour
  3310 | D:15     | Found Wattocwa's Armour Boutique.
  3468 | D:13     | Noticed a vault guard
  3645 | D:10     | Noticed Maurice
  3656 | D:10     | fuck
  3663 | D:10     | Killed Maurice
  3703 | D:9      | Gained mutation: Your system is resistant to poisons. [potion of beneficial mutation]
  3715 | D:9      | Noticed Prince Ribbit
  3723 | D:9      | Killed Prince Ribbit
  3894 | D:9      | Found a staircase to the Orcish Mines.
  3961 | Orc:1    | Entered Level 1 of the Orcish Mines
  3981 | Orc:2    | Noticed Urug
  3985 | Orc:1    | Found Xibali's Magic Scroll Shop.
  3993 | Orc:1    | Bought a scroll of enchant weapon for 120 gold pieces
  3993 | Orc:1    | Bought a scroll of recharging for 152 gold pieces
  3993 | Orc:1    | Bought a scroll of enchant weapon for 120 gold pieces
  3993 | Orc:1    | Bought a scroll of identify for 32 gold pieces
  3993 | Orc:1    | Bought a scroll of identify for 32 gold pieces
  4021 | Orc:2    | Killed Urug
  4021 | Orc:2    | Reached skill level 17 in Axes
  4021 | Orc:2    | Reached XP level 12. HP: 110/110 MP: 12/12
  4054 | Orc:2    | Found a radiant altar of Vehumet.
  4163 | Orc:3    | Received a gift from Trog
  4210 | Orc:4    | Entered Level 4 of the Orcish Mines
  4212 | Orc:4    | Found Afese's Book Shoppe.
  4329 | Orc:4    | Found a roughly hewn altar of Beogh.
  4344 | Orc:4    | Noticed Nessos
  4350 | Orc:4    | Killed Nessos
  4384 | Orc:4    | Found a dark tunnel.
  4393 | Volcano  | Entered a volcano
  4476 | Volcano  | Found a burning altar of Makhleb.
  4621 | Orc:4    | Received a gift from Trog
  4783 | Orc:4    | Noticed an orc high priest
  4802 | Orc:4    | Killed an orc high priest
  4802 | Orc:4    | Reached skill level 18 in Axes
  4823 | Orc:4    | Noticed an orc high priest
  4865 | Orc:4    | Killed an orc high priest
  4943 | Orc:4    | Noticed an orc high priest
  4963 | Orc:4    | Killed an orc high priest
  4991 | Orc:4    | Noticed an orc high priest
  5035 | Orc:4    | Killed an orc high priest
  5084 | Orc:4    | Found Moshubbaepu's Book Boutique.
  5087 | Orc:4    | Found Dynush's Armour Boutique.
  5087 | Orc:4    | Found Kogh's Weapon Shop.
  5092 | Orc:4    | Found Musyarun's Book Shop.
  5205 | D:9      | Found a staircase to the Lair.
  5214 | Lair:1   | Entered Level 1 of the Lair of Beasts
  5214 | Lair:1   | Noticed a four-headed hydra
  5228 | Lair:1   | Killed a four-headed hydra
  5338 | Lair:2   | Reached skill level 19 in Axes
  5464 | Lair:4   | Reached XP level 13. HP: 116/116 MP: 13/13
  5518 | Lair:5   | Found a staircase to the Snake Pit.
  5625 | Lair:6   | Found a staircase to the Shoals.
  5706 | Lair:6   | Received a gift from Trog
  5787 | Lair:7   | Reached skill level 1 in Evocations
  5822 | Lair:8   | Entered Level 8 of the Lair of Beasts
  5827 | Lair:8   | Reached skill level 20 in Axes
  6142 | Lair:8   | Received a gift from Trog
  6281 | Shoals:1 | Entered Level 1 of the Shoals
  6411 | Lair:7   | Found a staircase to the Slime Pits.
  6411 | Lair:7   | Found a viscous altar of Jiyva.
  6528 | Shoals:1 | Reached skill level 21 in Axes
  6528 | Shoals:1 | Reached XP level 14. HP: 116/124 MP: 17/17
  6545 | Shoals:1 | Reached skill level 5 in Evocations
  6633 | Shoals:1 | Found Guwnaum's General Store.
  6658 | Shoals:1 | Bought the cursed +0 pair of gloves "Okuceq" {rPois Dex+2} for 219 gold pieces
  6658 | Shoals:1 | Bought a potion of curing for 39 gold pieces
  6658 | Shoals:1 | Bought a potion of heal wounds for 65 gold pieces
  6658 | Shoals:1 | Bought a scroll of identify for 26 gold pieces
  7146 | Shoals:4 | Entered Level 4 of the Shoals
  7231 | Shoals:4 | Got a steaming battleaxe
  7278 | Shoals:4 | Noticed Kirke
  7301 | Shoals:4 | Reached skill level 22 in Axes
  7360 | Shoals:4 | Killed Kirke
  7436 | Shoals:4 | Received a gift from Trog
  7686 | Shoals:4 | Noticed Ilsuiw
  7701 | Shoals:4 | Killed Ilsuiw
  7701 | Shoals:4 | Reached XP level 15. HP: 129/129 MP: 18/18
  7717 | Shoals:4 | Identified the +7 battleaxe "Qeuragg" {venom, rElec rN++ Str-2 Dex+3} (You found it on level 4 of the Shoals)
  7801 | Shoals:4 | Reached skill level 23 in Axes
  7891 | Shoals:4 | Reached skill level 15 in Armour
  8076 | Shoals:4 | Got a barnacled rune of Zot
  8329 | Snake:1  | Entered Level 1 of the Snake Pit
  8471 | Snake:1  | Got a heavily runed scale mail
  8526 | Snake:2  | Found a bloodstained altar of Trog.
  8579 | Snake:3  | Reached skill level 24 in Axes
  8607 | Snake:3  | Found a sacrificial altar of Ru.
  8661 | Snake:3  | Noticed a greater naga
  8682 | Snake:3  | Killed a greater naga
  8774 | Snake:4  | Entered Level 4 of the Snake Pit
  8799 | Snake:4  | Noticed a greater naga
  8818 | Snake:4  | Killed a greater naga
  9026 | Snake:4  | Reached XP level 16. HP: 128/137 MP: 19/19
  9090 | Snake:4  | Noticed a greater naga
  9099 | Snake:4  | Noticed a greater naga
  9104 | Snake:4  | Killed a greater naga
  9116 | Snake:4  | Killed a greater naga
  9136 | Snake:4  | Reached skill level 25 in Axes
  9138 | Snake:4  | Noticed a greater naga
  9148 | Snake:4  | Killed a greater naga
  9371 | Snake:4  | Noticed a greater naga
  9390 | Snake:4  | Noticed a greater naga
  9408 | Snake:4  | Killed a greater naga
  9467 | Snake:4  | Killed a greater naga
  9467 | Snake:4  | Reached skill level 26 in Axes
  9596 | Snake:4  | Got a serpentine rune of Zot
  9639 | Snake:3  | Found Plog's Jewellery Boutique.
  9681 | Snake:3  | Bought an uncursed amulet of regeneration for 510 gold pieces
  9813 | Lair:7   | Got a scorched silver ring
  9814 | Lair:7   | Identified the cursed ring of the Slug {EV-2 Int+3} (You found it on level 7 of the Lair of Beasts)
  9876 | Slime:1  | Entered Level 1 of the Pits of Slime
  9876 | Slime:1  | Noticed an acid blob
  9882 | Slime:1  | Killed an acid blob
  9888 | Slime:1  | Noticed an acid blob
  9943 | Slime:1  | Killed an acid blob
  9953 | Slime:1  | Noticed an acid blob
  9954 | Slime:1  | Noticed an acid blob
  9989 | Lair:7   | Reached XP level 17. HP: 146/146 MP: 20/20
 10012 | Slime:1  | Killed an acid blob
 10023 | Slime:1  | Killed an acid blob
 10095 | Slime:1  | Noticed an acid blob
 10104 | Slime:1  | Killed an acid blob
 10155 | Slime:2  | Paralysed by a great orb of eyes for 4 turns
 10287 | Slime:3  | Received a gift from Trog
 10321 | Slime:4  | Received a gift from Trog
 10385 | Slime:6  | Entered Level 6 of the Pits of Slime
 10633 | Slime:6  | Noticed the royal jelly
 10650 | Slime:6  | Killed the royal jelly
 10794 | Slime:6  | Identified the Compendium of Unstable Execration (You found it on level 6 of the Pits of Slime)
 10800 | Slime:6  | Identified Azxul's Catalogue of Cold and Confrontation (You found it on level 6 of the Pits of Slime)
 10849 | Slime:6  | Got a flickering golden ring
 10851 | Slime:6  | Got a slimy rune of Zot
 10865 | Slime:6  | Got a pair of polished boots
 10866 | Slime:6  | Identified the +0 pair of boots of Dishonour {rCorr Str+2 Dex+2} (You found it on level 6 of the Pits of Slime)
 10878 | Slime:6  | Identified the ring "Deezicim" {+Fly Str+5} (You found it on level 6 of the Pits of Slime)
 11076 | Lair:3   | Noticed a four-headed hydra
 11086 | Lair:3   | Killed a seven-headed hydra
 11115 | Lair:3   | fuck off and die
 11213 | D:7      | Found an opulent altar of Gozag.
 11244 | D:6      | Found a staircase to the Ecumenical Temple.
 11252 | Temple   | Entered the Ecumenical Temple
 11292 | Temple   | Fell from the grace of Trog
 11292 | Temple   | Became a worshipper of Makhleb the Destroyer
 11331 | D:6      | Learned a level 1 spell: Apportation
 11336 | D:6      | Learned a level 4 spell: Passage of Golubria
 11344 | D:6      | Learned a level 7 spell: Controlled Blink
 11347 | D:6      | Learned a level 2 spell: Blink
 11451 | D:13     | Killed an orc knight
 11457 | D:13     | Noticed a vault guard
 11458 | D:13     | Paralysed by an orc sorcerer for 7 turns
 11464 | D:13     | Noticed a wizard
 11472 | D:13     | Killed a vault guard
 11474 | D:13     | Killed a wizard
 11474 | D:13     | Reached XP level 18. HP: 157/159 MP: 22/22
 11483 | D:13     | Noticed a vault guard
 11484 | D:13     | Noticed a vault guard
 11490 | D:13     | Killed a vault guard
 11492 | D:13     | Killed a vault guard
 11493 | D:13     | Found a gate to the Vaults.
 11531 | D:13     | Noticed a centaur warrior
 11543 | D:13     | Killed a centaur warrior
 11543 | D:13     | Reached skill level 1 in Translocations
 11585 | D:13     | Killed a vault guard
 11607 | Vaults:1 | Entered Level 1 of the Vaults
 11640 | Vaults:1 | Acquired Makhleb's first power
 11676 | Vaults:1 | Reached skill level 1 in Spellcasting
 11755 | Vaults:1 | Acquired Makhleb's second power
 11983 | Vaults:2 | Acquired Makhleb's third power
 12025 | Vaults:2 | Paralysed by an ogre mage for 3 turns
 12185 | Vaults:3 | Acquired Makhleb's fourth power
 12342 | Vaults:3 | Acquired Makhleb's fifth power
 12380 | Vaults:3 | Reached XP level 19. HP: 168/168 MP: 25/25
 12442 | Vaults:4 | Noticed Sojobo
 12503 | Vaults:4 | Found Oqoytwoh's Food Shop.
 12668 | Vaults:5 | Entered Level 5 of the Vaults
 12689 | Vaults:5 | Reached skill level 5 in Translocations
 12746 | Vaults:5 | Noticed an ancient lich
 13008 | Vaults:5 | Reached skill level 10 in Evocations
 13021 | Vaults:5 | Identified the Almanac of Displaced Enchantment (You found it on level 5 of the Vaults)
 13087 | Vaults:5 | Reached skill level 15 in Fighting
 13161 | Vaults:5 | Reached XP level 20. HP: 178/178 MP: 27/27
 13194 | Vaults:5 | Noticed a golden dragon
 13319 | Vaults:5 | Reached skill level 5 in Spellcasting
 13341 | Vaults:5 | Noticed a golden dragon
 13361 | Vaults:5 | Killed a golden dragon
 13511 | Vaults:5 | Killed an ancient lich
 13624 | Vaults:5 | Reached XP level 21. HP: 187/187 MP: 29/29
 13748 | Vaults:5 | Noticed an ancient lich
 13823 | Vaults:5 | Killed an ancient lich
 13986 | Vaults:5 | Reached skill level 10 in Translocations
 14019 | Vaults:5 | Learned a level 2 spell: Repel Missiles
 14037 | Vaults:5 | Identified Qawidwan's Compendium of Feathery Augmentations (You found it on level 5 of the Vaults)
 14042 | Vaults:5 | Learned a level 3 spell: Regeneration
 14048 | Vaults:5 | Got a silver rune of Zot
 14130 | Vaults:4 | Reached skill level 1 in Necromancy
 14134 | Vaults:4 | Reached skill level 1 in Charms
 14277 | Vaults:3 | fu
 14286 | Vaults:3 | Noticed a bone dragon
 14287 | Vaults:3 | Found a staircase to the Crypt.
 14302 | Vaults:3 | Killed a bone dragon
 14311 | Crypt:1  | Entered Level 1 of the Crypt
 14414 | Crypt:3  | Entered Level 3 of the Crypt
 14530 | Crypt:3  | Identified the Reference Book on Stolen Souls (You found it on level 3 of the Crypt)
 14540 | Crypt:3  | Cast into the Abyss (a lich)
 14935 | Abyss:3  | Found a corrupted altar of Lugonu.
 15105 | Abyss:3  | Found a corrupted altar of Lugonu.
 15136 | Abyss:3  | Found a corrupted altar of Lugonu.
 15286 | Abyss:5  | Entered Level 5 of the Abyss
 15291 | Abyss:5  | Gained mutation: You possess an exceptional clarity of mind. [potion of beneficial mutation]
 15374 | Abyss:5  | Found a corrupted altar of Lugonu.
 15461 | Abyss:5  | Found a basalt altar of Yredelemnul.
 15485 | Abyss:5  | Found a corrupted altar of Lugonu.
 15651 | Abyss:5  | Found a corrupted altar of Lugonu.
 15714 | Abyss:5  | Found a corrupted altar of Lugonu.
 15793 | Abyss:5  | Reached XP level 22. HP: 196/196 MP: 31/31
 15811 | Abyss:5  | Got an abyssal rune of Zot
 15851 | Crypt:3  | Escaped the Abyss
 15912 | Crypt:3  | Paralysed by a vampire knight for 5 turns
 15927 | Crypt:3  | Noticed an ancient lich
 15933 | Crypt:3  | Reached skill level 5 in Necromancy
 15937 | Crypt:3  | Killed an ancient lich
 16083 | Crypt:3  | Found an ancient bone altar of Kikubaaqudgha.
 16100 | Crypt:3  | Identified the Disquisition on Aerial Blows and Bruises (You found it on level 3 of the Crypt)
 16103 | Crypt:3  | Identified Ximn's Tome of Creative Enchantment (You found it on level 3 of the Crypt)
 16232 | Crypt:3  | Found a staircase to the Tomb.
 16245 | Tomb:1   | Entered Level 1 of the Tomb of the Ancients
 16315 | Tomb:1   | Reached skill level 5 in Charms
 16324 | Tomb:1   | Noticed a greater mummy
 16324 | Tomb:1   | Noticed a greater mummy
 16431 | Tomb:1   | Noticed a greater mummy
 16431 | Tomb:1   | Noticed a greater mummy
 16431 | Tomb:1   | Noticed a greater mummy
 16431 | Tomb:1   | Noticed a greater mummy
 16431 | Tomb:1   | Noticed a greater mummy
 16431 | Tomb:1   | Noticed a greater mummy
 16432 | Tomb:1   | Noticed a greater mummy
 16433 | Tomb:1   | Noticed a greater mummy
 16735 | Tomb:1   | Noticed a greater mummy
 16735 | Tomb:1   | Noticed a greater mummy
 16736 | Tomb:1   | Noticed a greater mummy
 16740 | Tomb:1   | Noticed a greater mummy
 16743 | Tomb:1   | this shit
 16930 | Tomb:1   | Noticed Jory
 16939 | Tomb:2   | Noticed a greater mummy
 16942 | Tomb:2   | Noticed a greater mummy
 16990 | Tomb:3   | Entered Level 3 of the Tomb of the Ancients
 17038 | Tomb:2   | Noticed a greater mummy
 17061 | Tomb:2   | Killed a greater mummy
 17171 | Tomb:3   | Noticed an ancient lich
 17178 | Tomb:3   | Noticed a greater mummy
 17229 | Tomb:2   | Killed an ancient lich
 17229 | Tomb:2   | Reached XP level 23. HP: 205/205 MP: 29/34
 17258 | Tomb:3   | Killed a greater mummy
 17337 | Tomb:3   | Noticed a greater mummy
 17430 | Tomb:3   | Noticed a greater mummy
 17456 | Tomb:3   | Killed a greater mummy
 17558 | Tomb:3   | Noticed a greater mummy
 17631 | Tomb:3   | Killed a greater mummy
 17656 | Tomb:3   | Got a coiled platinum amulet
 17660 | Tomb:3   | Identified the amulet of a Thousand Moons {Ward rN+ Str+2 Int+3} (You found it on level 3 of the Tomb of the Ancients)
 17688 | Tomb:3   | Learned a level 1 spell: Animate Skeleton
 17689 | Tomb:3   | Identified the Tome of the Nights (You found it on level 3 of the Tomb of the Ancients)
 17698 | Tomb:3   | Learned a level 5 spell: Phase Shift
 17704 | Tomb:3   | Got a crude helmet
 17705 | Tomb:3   | Identified the +0 helmet of the Salamander {MR+ rCorr} (You found it on level 3 of the Tomb of the Ancients)
 17902 | Tomb:3   | Noticed Khufu
 17902 | Tomb:3   | Noticed a greater mummy
 17905 | Tomb:3   | Got a golden rune of Zot
 17989 | Tomb:1   | Noticed a greater mummy
 17992 | Tomb:1   | Noticed a greater mummy
 17993 | Tomb:1   | Noticed a greater mummy
 18205 | Vaults:4 | Found Nail's Armour Shoppe.
 18208 | Vaults:4 | Found Vaneov's Antique Armour Shop.
 18218 | Vaults:4 | Bought a bloodstained plate armour for 784 gold pieces
 18218 | Vaults:4 | Identified the cursed +1 plate armour of the Were-rabbit {MR+} (You bought it in a shop on level 4 of the Vaults)
 18244 | Vaults:4 | Found Wibbysung's Food Shop.
 18252 | Vaults:4 | Bought a meat ration for 70 gold pieces
 18252 | Vaults:4 | Bought a bread ration for 70 gold pieces
 18252 | Vaults:4 | Bought a bread ration for 70 gold pieces
 18252 | Vaults:4 | Bought a meat ration for 70 gold pieces
 18252 | Vaults:4 | Bought a bread ration for 70 gold pieces
 18252 | Vaults:4 | Bought a bread ration for 70 gold pieces
 18252 | Vaults:4 | Bought a bread ration for 70 gold pieces
 18252 | Vaults:4 | Bought a beef jerky for 21 gold pieces
 18252 | Vaults:4 | Bought a beef jerky for 21 gold pieces
 18252 | Vaults:4 | Bought a royal jelly for 28 gold pieces
 18621 | D:15     | Noticed a giant orange brain
 18628 | D:15     | Killed a giant orange brain
 18632 | D:15     | Found a staircase to the Depths.
 18643 | Depths:1 | Entered Level 1 of the Depths
 18963 | Depths:3 | Found Etuneirph's Weapon Boutique.
 19016 | Depths:3 | Reached XP level 24. HP: 214/216 MP: 35/35
 19101 | Depths:3 | Found a one-way gate leading to the halls of Pandemonium.
 19121 | Pan      | Entered Pandemonium
 19166 | Pan      | Found an exit through the horrors of the Abyss.
 19292 | Pan      | Found an exit through the horrors of the Abyss.
 19372 | Pan      | Noticed Ybaonupno the pandemonium lord
 19630 | Pan      | Noticed Vobalir the pandemonium lord
 19929 | Pan      | Found an exit through the horrors of the Abyss.
 19947 | Pan      | Noticed Gecrolut the pandemonium lord
 19964 | Pan      | Killed Gecrolut the pandemonium lord
 19996 | Pan      | Got a warped battleaxe
 19997 | Pan      | Identified the +7 battleaxe of Abomination {vamp, Str+4 Dex+4 Stlth+} (You found it in Pandemonium)
 20041 | Pan      | Was forgiven by Trog
 20068 | Pan      | Entered the realm of Cerebov.
 20141 | Pan      | Noticed Mennas
 20458 | Pan      | Got a shimmering brass ring
 20458 | Pan      | Got a steaming lead ring
 20458 | Pan      | Got a steaming marble ring
 20459 | Pan      | Identified the ring of Lomaj {rPois rF+ rN+ Int+2 Stlth-} (You found it in Pandemonium)
 20461 | Pan      | Identified the ring "Weroruh" {rElec rPois rC++ MP+9 Str-4} (You found it in Pandemonium)
 20463 | Pan      | Identified the ring "Meihug" {rF+ rN+ Int+3} (You found it in Pandemonium)
 20513 | Pan      | Got a fiery rune of Zot
 20606 | Pan      | Noticed Mennas
 20615 | Pan      | Entered the realm of Mnoleg.
 20715 | Pan      | Gained mutation: You expend magic power (3 MP) to strengthen your wands. [a neqoxec]
 20855 | Pan      | Noticed Mnoleg
 20863 | Pan      | Got a glowing rune of Zot
 20869 | Pan      | Found an exit through the horrors of the Abyss.
 20907 | Pan      | Entered the realm of Lom Lobon.
 20992 | Pan      | Noticed Lom Lobon
 21000 | Pan      | Found an exit through the horrors of the Abyss.
 21037 | Pan      | Got a magical rune of Zot
 21077 | Pan      | Found a huge runed gate.
 21205 | Pan      | Entered the realm of Gloorx Vloq.
 21324 | Pan      | Noticed Gloorx Vloq
 21334 | Pan      | Got a dark rune of Zot
 21378 | Pan      | Reached XP level 25. HP: 118/226 MP: 25/36
 21400 | Pan      | Reached skill level 10 in Spellcasting
 21419 | Pan      | Found an exit through the horrors of the Abyss.
 21521 | Pan      | Noticed Besseseg the pandemonium lord
 21565 | Pan      | Found a basalt altar of Yredelemnul.
 21566 | Pan      | Noticed Mnoleg
 21631 | Depths:3 | Escaped Pandemonium
 21633 | Pan      | Entered Pandemonium
 21636 | Pan      | Found an exit through the horrors of the Abyss.
 21636 | Pan      | Noticed Lom Lobon
 21643 | Pan      | Noticed Cerebov
 21645 | Depths:3 | Escaped Pandemonium
 21647 | Pan      | Entered Pandemonium
 21836 | Pan      | Noticed Epinosch the pandemonium lord
 21844 | Pan      | Killed Epinosch the pandemonium lord
 21917 | Pan      | Noticed Maul the pandemonium lord
 22117 | Pan      | Noticed Munleek the pandemonium lord
 22155 | Pan      | Killed Munleek the pandemonium lord
 22244 | Pan      | Noticed Gloorx Vloq
 22298 | Pan      | Noticed Rehaz the pandemonium lord
 22338 | Pan      | Killed Rehaz the pandemonium lord
 22363 | Pan      | Got a demonic rune of Zot
 22396 | Pan      | Noticed Mennas
 22425 | Pan      | Noticed Inwiarch the pandemonium lord
 22513 | Pan      | Noticed Gloorx Vloq
 22515 | Pan      | Found an exit through the horrors of the Abyss.
 22519 | Pan      | Took an exit into the Abyss.
 22519 | Abyss:1  | Escaped into the Abyss
 22569 | Abyss:1  | Found a corrupted altar of Lugonu.
 22575 | Depths:3 | Escaped the Abyss
 22608 | Depths:2 | Found a gateway to Hell.
 22649 | Hell     | Entered the Vestibule of Hell
 22649 | Hell     | Noticed Geryon
 22664 | Hell     | Noticed Murray
 22738 | Depths:2 | Killed Murray
 22895 | Hell     | Killed Geryon
 22929 | Hell     | Reached skill level 15 in Translocations
 22953 | Hell     | Found a gateway to the Iron City of Dis.
 22959 | Dis:1    | Entered Level 1 of the Iron City of Dis
 22959 | Dis:1    | Found a gateway to Hell.
 23106 | Dis:2    | Found a gateway to Hell.
 23127 | Dis:2    | You fall through a shaft for 2 floors!
 23136 | Dis:5    | Found a gateway to Hell.
 23143 | Dis:5    | Found a gateway to Hell.
 23190 | Dis:6    | Found a gateway to Hell.
 23200 | Dis:6    | Found a gateway to Hell.
 23251 | Dis:6    | Found a gateway to Hell.
 23460 | Dis:6    | HP: 7/229 [iron troll (8)]
 23461 | Dis:6    | HP: 2/229 [reaper/scythe of venom (5)]
 23462 | Dis:6    | Killed from afar by a quicksilver dragon

Vault maps used:
D:1:      elethiomel_arrival_quiet, tso_metal_star
D:2:      old_standard_altar
D:4:      kennysheep_six_static_rooms, grunt_temple_overflow_holy_war,
          dk_rats_in_the_wall, uniq_pikel
D:5:      first_bread
D:6:      minmay_klotski, minmay_temple_entry_glassed_door,
          nicolae_underground_beach, uniq_menkaure
D:7:      nicolae_overflow_crystal_walls, grunt_dithmenos_shadows,
          item_on_display_a
D:8:      okawaru_ov_weapons_minmay, fedhas_altar_2, basic_altar, uniq_grum
D:9:      lair_0_dummy, david_orc_2, uniq_prince_ribbit1, uniq_gastronok
D:10:     hangedman_stone_soup, uniq_maurice
D:11:     uniq_nergalle
D:12:     portal_ice_cave_entry_ice_statue_01
D:13:     grunt_vaults_entry_fortified, small_chamber_with_monster
D:14:     hangedman_abyss_or_decor_lesser_grid
D:15:     gammafunk_enter_depths_forms, abandoned_shop, serial_shops, shop
Temple:   eino_temple_water_12
Lair:1:   beast_lair_carwin_large_3
Lair:2:   lemuel_fruit_fields
Lair:3:   grunt_megastairs_1
Lair:4:   lemuel_reptile_caves
Lair:5:   guppyfry_snake_entry_island, serial_bayou_shore_b,
          infiniplex_staircase_pool_2
Lair:6:   elwin_shoals_entry_rocks, beast_lair_carwin_6
Lair:7:   slime_altar_1, small_statue_intersection, infiniplex_staircase_pool
Lair:8:   minmay_lair_end_enchanted_forest, grunt_megastairs_3,
          lemuel_fruit_fields, lemuel_fruit_tree
Shoals:1: serial_shops, shop, kb_tengu_band
Shoals:2: st_sunken_huts
Shoals:4: shoals_end_simple, shoal_ilsuiw, nicolae_shoals_circle_sea_wall,
          nicolae_shoals_hunting_party, uniq_kirke
Snake:1:  st_stairs_14
Snake:2:  basic_altar
Snake:3:  serial_shops, shop_statue, basic_altar, serial_bayou_shore_a
Snake:4:  snake_pit
Slime:2:  cheibrodos_slime_lost_civilization_4
Slime:4:  cheibrodos_slime_lost_civilization_5
Orc:1:    serial_shops, nicolae_shop_statue_plus, guppyfry_library_mini
Orc:2:    basic_altar, uniq_urug
Orc:3:    nicolae_orc_pool_cavern
Orc:4:    st_orc_mages, basic_altar, serial_shops, nicolae_shop_waterfront,
          enter_volcano_2, uniq_nessos
Vaults:1: v_misc_24, v_pattern_1, nicolae_vaults_stairing_the_circle,
          nicolae_vaults_little_squares_3, ontoclasm_vaults_shuriken, v_misc_14,
          hangedman_vaults_stitches, grunt_vaults_hallway_long,
          grunt_vaults_hallway_short, hangedman_vaults_pinch, v_misc_9,
          hangedman_vaults_hat, v_misc_22, ontoclasm_vaults_decontamination,
          vaults_dpeg_cross, ontoclasm_vaults_bender, nicolae_vaults_little_ls,
          serial_shops, shop, uniq_aizul
Vaults:2: nicolae_vaults_angled_halls, hangedman_vaults_corner,
          grunt_vaults_trifunnel, hangedman_vaults_locks, v_pattern_4, v_misc_5,
          nicolae_vaults_little_squares_1, ontoclasm_vaults_twist,
          nicolae_vaults_angled_halls, vaults_room_fours,
          nicolae_vaults_asterisk, v_misc_19, nicolae_vaults_diagonal_hallway_6,
          nicolae_vaults_little_squares_6
Vaults:3: nicolae_vaults_murderbox, nicolae_vaults_mini_display_case,
          v_alt_pattern_2, nicolae_vaults_yaktaur_gun_rack, v_misc_3, v_misc_3,
          ontoclasm_vaults_loading_screen, hangedman_vaults_slice,
          nicolae_vaults_asterisk, minmay_crypt_entry_nasty_monster,
          nicolae_vaults_asterisk, nicolae_vaults_theta
Vaults:4: v_pattern_5, vaults_room_fancy_cross, ontoclasm_vaults_loading_screen,
          v_misc_12, nicolae_vaults_little_squares_3, hangedman_vaults_trim,
          sword_in_stone, nicolae_vaults_asterisk, serial_shops, shop,
          nicolae_shop_overgrown_old_shop, nicolae_shop_statue_plus,
          nicolae_shop_scaring_up_business
Vaults:5: serial_shops
Crypt:1:  minivault_27
Crypt:3:  cryptofortress_bobbens
Tomb:1:   uniq_jory
Depths:1: hangedman_decor_riveting, grunt_hell_entry_dis_old, special_room,
          serial_shops, nicolae_shop_stone, eino_small_chamber_without_monster,
          lightli_giant_bouncers, firewood_loft, uniq_saint_roka
Depths:2: evilmike_wizard_prison, hell_entry, rand_demon_pan_entry_4,
          minmay_misc_feat_five, infiniplex_staircase_pool_lava
Depths:3: kennysheep_snake, pan_entry, minmay_misc_feat_square, serial_shops,
          nicolae_shop_window_shopping, hell_entry, infiniplex_staircase_spiral,
          grunt_megastairs_2, serial_bayou_shore_b
Dis:6:    grunt_dis_stairs_iron_hall
Abyss:1:  evilmike_abyss_exit_7
Abyss:3:  minivault_27
Abyss:4:  guppyfry_abyss_exit_spiral_guarded, minivault_11,
          hangedman_abyss_exit_choices, serial_sigils_hangedman_shear,
          hangedman_abyss_mock_shop
Abyss:5:  evilmike_abyss_exit_vortex, minivault_27,
          guppyfry_abyss_exit_glass_guarded, evilmike_abyss_rune_curve,
          evilmike_abyss_exit_3
Pan:      rand_demon_2, pan_blood_fountain, pan_blood_fountain_small,
          evilmike_mini_pan_3x3, pan_blood_fountain_2, pan_blood_fountain,
          evilmike_mini_pan_rooms, pan_blood_fountain, pan_blood_fountain_small,
          rand_demon_8, enter_ziggurat_pan_d, rand_demon_6,
          evilmike_mini_pan_pillars, rand_demon_3, grunt_pan_sceptre,
          evilmike_mini_pan_diamond, evilmike_holy_pan,
          evilmike_mini_pan_other_thingy, pan_blood_fountain_small,
          nicolae_pan_lom_lobonic_3, grunt_pan_pentagram,
          nicolae_pan_lom_lobonic_3, nicolae_pan_glass_arcs,
          nicolae_pan_mnolegish_5, evilmike_cerebov_lava,
          pan_blood_fountain_small, uniq_mennas_pan, enter_ziggurat_pan_d,
          nicolae_pan_mnolegish_5, rand_demon_6, enter_ziggurat_pan_b,
          uniq_mennas_pan, mnoleg_grunt, evilmike_mini_pan_corner, uniq_mnoleg,
          lom_lobon, nicolae_pan_mnolegish_3, nicolae_pan_giant_door,
          lemuel_hellion_island, uniq_mennas_pan, pan_blood_fountain_2,
          nicolae_pan_sigil_nadil, gloorx_vloq, evilmike_mini_pan_branches,
          nicolae_pan_cerebovesque_2, evilmike_mini_pan_possible_glass,
          pan_blood_fountain_small, rand_demon_2, pan_blood_fountain_2,
          uniq_cerebov, lemuel_hall_of_pain, uniq_mnoleg, uniq_cerebov,
          uniq_lom_lobon, pan_blood_fountain, nicolae_pan_lom_lobonic_2,
          grunt_pan_zigzag, uniq_lom_lobon, pan_blood_fountain_2, uniq_mnoleg,
          uniq_gloorx_vloq, rand_demon_5, uniq_mnoleg,
          evilmike_mini_pan_murderfest, uniq_cerebov, uniq_lom_lobon,
          nicolae_pan_cerebovesque_1, grunt_pan_pentagram,
          nicolae_pan_sick_transit, evilmike_mini_pan_V, pan_blood_fountain,
          evilmike_mini_pan_3x3, uniq_gloorx_vloq, nicolae_pan_lom_lobonic_4,
          grunt_pan_spiral, evilmike_mini_pan_possible_glass,
          pan_blood_fountain_2, evilmike_mini_pan_corridor, uniq_gloorx_vloq,
          nicolae_pan_lom_lobonic_4, evilmike_mini_pan_diamond,
          grunt_pan_zigzag, pan_blood_fountain_2, uniq_gloorx_vloq,
          grunt_pan_in_and_out, uniq_mennas_pan, nicolae_pan_mnolegish_5,
          nicolae_pan_hourglass, uniq_gloorx_vloq, nicolae_pan_cerebovesque_2
IceCv:    ice_cave_small_demon
Volcano:  volcano_grotto

Action                   |  1- 3 |  4- 6 |  7- 9 | 10-12 | 13-15 | 16-18 | 19-21 | 22-24 | 25-27 || total
-------------------------+-------+-------+-------+-------+-------+-------+-------+-------+-------++-------
Melee: Hand axe          |    15 |       |       |       |       |       |       |       |       ||    15
       War axe           |    30 |    93 |   140 |   380 |       |       |       |       |       ||   643
       Executioner's axe |       |       |       |   122 |   772 |   879 |   617 |       |       ||  2390
       Battleaxe         |       |       |       |       |       |       |   236 |  1454 |   679 ||  2369
Throw: Throwing net      |       |       |       |       |       |       |       |     2 |       ||     2
 Cast: Apportation       |       |       |       |       |       |       |    28 |    71 |    17 ||   116
       Regeneration      |       |       |       |       |       |       |       |    89 |    41 ||   130
       Passage of Golubr |       |       |       |       |       |       |       |     7 |    11 ||    18
       Blink             |       |       |       |       |       |       |       |     1 |       ||     1
Invok: Berserk           |     5 |     7 |    13 |    20 |     7 |     9 |       |       |       ||    61
       Trog's Hand       |     1 |     4 |     4 |    11 |    26 |     9 |       |       |       ||    55
       Brothers in Arms  |       |       |       |     5 |     7 |     6 |       |       |       ||    18
       Lesser Servant of |       |       |       |       |       |       |     2 |       |       ||     2
       Greater Servant o |       |       |       |       |       |       |       |       |     1 ||     1
 Abil: Evoke Teleportati |       |       |       |       |       |    11 |    61 |   178 |    83 ||   333
       Evoke Flight      |       |       |       |       |       |     3 |     2 |     2 |       ||     7
       Evoke Berserk Rag |       |       |       |       |       |       |       |     1 |       ||     1
Evoke: Wand              |       |       |     4 |     3 |     5 |     7 |       |     3 |     3 ||    25
  Use: Scroll            |       |     2 |     3 |    23 |    14 |     9 |    11 |    21 |     5 ||    88
       Potion            |       |       |       |     1 |     7 |     8 |     8 |    13 |     2 ||    39
 Stab: Invisible         |       |       |       |       |     4 |       |     3 |       |       ||     7
       Distracted        |       |       |       |       |       |     2 |     5 |     1 |       ||     8
       Held in net/web   |       |       |       |       |       |       |       |     4 |       ||     4
  Eat: Chunk             |     4 |    17 |    19 |    51 |    11 |     5 |    11 |    21 |       ||   139
       Beef jerky        |       |     1 |       |     2 |     1 |     2 |     3 |     4 |     1 ||    14
       Bread ration      |       |       |       |     1 |     1 |     3 |     3 |    10 |     8 ||    26
       Pizza             |       |       |       |       |     2 |       |     1 |     1 |       ||     4
       Meat ration       |       |       |       |       |       |     1 |       |     3 |       ||     4
       Fruit             |       |       |       |       |       |     4 |     6 |     4 |       ||    14
       Royal jelly       |       |       |       |       |       |       |     1 |     2 |       ||     3
